 Dungeon Crawl Stone Soup version 0.19.0-16-g73b5abf (webtiles) character file.

328854 Jerry the Warrior (level 21, -13/144 HPs)
             Began as a Gargoyle Fighter on Nov 10, 2016.
             Was the Champion of Okawaru.
             Killed from afar by a hellion (16 damage)
             ... with damnation
             ... on level 1 of the Depths on Nov 11, 2016.
             The game lasted 04:23:52 (41512 turns).

Jerry the Warrior (Gargoyle Fighter)               Turns: 41512, Time: 04:23:52

Health: -13/144    AC: 58    Str: 25    XL:     21   Next: 70%
Magic:  28/28      EV: 22    Int: 14    God:    Okawaru [******]
Gold:   3540       SH:  9    Dex: 20    Spells: 1 memorised, 12 levels left

rFire  . . .     SeeInvis .     s - +7 eveningstar "Impbane" {crush, +Rage +Fly Int+2}
rCold  + . .     Gourm    .     r - +11 plate armour "Alidygou" {+Blink Dex+4}
rNeg   + . .     Faith    .     J - +2 buckler
rPois  ∞         Spirit   .     G - +1 hat {Int+3}
rElec  +         Reflect  .     E - +1 cloak {MR+}
rCorr  .         Harm     .     Z - +1 pair of gloves
MR     ++++.                    Q - +2 pair of boots {run}
Stlth  ..........               z - amulet of regeneration
                                C - ring of Ruserghu {MR+ Slay+5}
                                V - ring of protection from cold

@: heroism, quick
A: big wings, magic resistance 1, mutation resistance 1, negative energy
resistance 1, electricity resistance, strong 1, unbreathing, petrification
resistance, rot immunity, AC +15
a: Fly, Heroism, Finesse, Renounce Religion, Evoke Blink, Evoke Berserk Rage,
Evoke Flight
}: 2/15 runes: decaying, gossamer


You were on level 1 of the Depths.
You worshipped Okawaru.
Okawaru was exalted by your worship.
You were not hungry.

You visited 8 branches of the dungeon, and saw 36 of its levels.
You also visited: Sewer and Desolation.

You collected 3900 gold pieces.
You spent 360 gold pieces at shops.

Inventory:

Hand Weapons
 p - the +1 flail of Tension {venom, rF+ Str+3 Dex+4 SInv}
   (You found it in the Desolation of Salt)

   It poisons the flesh of those it strikes.
   It affects your strength (+3).
   It affects your dexterity (+4).
   It protects you from fire.
   It lets you see invisible.
 s - the +7 eveningstar "Impbane" (weapon) {crush, +Rage +Fly Int+2}
   (Okawaru gifted it to you in the Desolation of Salt)

   It inflicts extra damage upon your enemies.
   It affects your intelligence (+2).
   It lets you fly.
   It lets you go berserk.
 R - the +2 great mace "Xadaeph" {crush, rPois rF+++ MR+++ Stlth-}
   (Okawaru gifted it to you on level 13 of the Dungeon)

   It inflicts extra damage upon your enemies.
   It renders you almost immune to fire.
   It protects you from poison.
   It affects your resistance to hostile enchantments.
   It makes you less stealthy.
Missiles
 b - 3 throwing nets (quivered)
Armour
 r - the +11 plate armour "Alidygou" (worn) {+Blink Dex+4}
   (You found it on level 6 of the Lair of Beasts)

   It affects your dexterity (+4).
   It lets you blink.
 E - a +1 cloak of magic resistance (worn)
 G - a +1 hat of intelligence (worn)
 J - a +2 buckler (worn)
 Q - a +2 pair of boots of running (worn)
 Z - a +1 pair of gloves (worn)
Jewellery
 n - a +3 ring of protection
 q - an uncursed ring of resist corrosion
 x - an uncursed ring of positive energy
 z - an amulet of regeneration (around neck)
 C - the ring of Ruserghu (right hand) {MR+ Slay+5}
   (You found it on level 5 of the Dungeon)

   [ring of protection from magic]

   It affects your accuracy and damage with ranged weapons and melee attacks
   (+5).
   It affects your resistance to hostile enchantments.
 V - a ring of protection from cold (left hand)
Wands
 M - a wand of digging (12/24)
 N - a wand of acid (10/15)
 T - a wand of teleportation (4/9)
Scrolls
 c - a scroll of enchant armour
 g - 5 scrolls of blinking
 i - 7 scrolls of recharging
 l - 4 scrolls of fear
 m - 8 scrolls of remove curse
 t - 10 scrolls of identify
 u - 10 scrolls of teleportation
 y - 6 scrolls of fog
 A - 5 scrolls of immolation
 I - 5 scrolls of magic mapping
 O - a scroll of enchant weapon
 U - a scroll of summoning {unknown}
Potions
 a - a potion of flight
 d - a potion of magic
 e - 16 potions of curing
 h - 6 potions of ambrosia
 j - a potion of cancellation
 k - 8 potions of resistance
 v - a potion of invisibility
 w - 6 potions of heal wounds
 B - 2 potions of haste
 F - 3 potions of brilliance
 K - 3 potions of might
 P - 9 potions of mutation
 W - a potion of agility
Miscellaneous
 S - a phantom mirror
Comestibles
 f - 17 bread rations
 o - 7 fruits
 D - 17 meat rations
 H - a slice of pizza
 L - 2 beef jerkies


   Skills:
 + Level 19.6(24.6) Fighting
 + Level 19.1(24.1) Maces & Flails
 + Level 19.5(24.5) Armour
 + Level 14.4(19.4) Dodging
 - Level 5.5(10.5) Shields
 - Level 10.5 Invocations


You had 12 spell levels left.
You knew the following spells:

 Your Spells              Type           Power        Failure   Level  Hunger
a - Necromutation         Tmut/Necr      #.........   100%        8    #######


Dungeon Overview and Level Annotations

Branches:
Dungeon (15/15)            Temple (1/1) D:6            Lair (6/6) D:11
  Swamp (4/4) Lair:2       Spider (4/4) Lair:4        Slime (0/5) Lair:5
    Orc (2/2) D:11            Elf (0/3) Orc:2        Vaults (4/5) D:13
  Crypt (0/3) Vaults:3     Depths (1/5) D:15

Altars:
Ashenzari
Cheibriados
Dithmenos
Elyvilon
Fedhas
Gozag
Hepliaklqana
Kikubaaqudgha
Makhleb
Nemelex Xobeh
Okawaru
Qazlal
Ru
Sif Muna
Trog
Uskayaw
Vehumet
Xom
Yredelemnul
Zin
The Shining One
Beogh
Jiyva

Shops:
Orc:2 ([=[   Vaults:2 ?   Vaults:3 *

Annotations:
D:6 exclusion: oklob plant
Lair:5 1 runed door
Swamp:3 Mara


Innate Abilities, Weirdness & Mutations

You are resistant to torment.
Your stone body is resilient. (AC +15)
You are immune to poison.
Your large and strong wings let you fly indefinitely.
You resist negative energy. (rN+)
You are resistant to electric shocks. (rElec)
You can survive without breathing.
You are immune to petrification.
You are immune to rotting.
You are resistant to hostile enchantments. (MR+)
You are somewhat resistant to further mutation.
Your muscles are strong. (Str +2)


Message History

A deep troll earth mage comes into view.
You puncture the sun demon!
The sun demon is severely wounded.
The deep troll earth mage points at you and mumbles some strange words.
You shatter!
The blast of rock fragments hits the sun demon.
The sun demon dies!
The deep troll earth mage points at the rock wall and mumbles some strange words.
You hear a grinding noise.
A deep troll earth mage comes into view.
The deep troll earth mage points at you and mumbles some strange words.
You shatter!
* * * LOW HITPOINT WARNING * * *
2 deep trolls come into view.
The hellion gestures at you.
The sphere of damnation explodes!
The damnation engulfs you!
* * * LOW HITPOINT WARNING * * *
The hellion gestures at you.
The sphere of damnation explodes!
The damnation engulfs you!
You die...

#.# #.# ###.# ..#.#.#
.# #.#.#.# #.#
#.#.#.# #.# #####
#.#.#.# #.#
#<..#####.#.#.# #.#
#...@..35...#.###.#
#.#....5..#.#.##.§##
#.#.......#..3.55..#
#.#..##....2#.#..52##
#.#..####.#.#.5..2..#
#.#..# .TTT........§
#.#..# #........#...
#.##.# ##.TT........
...>#.....#


You could see 2 deep troll earth magi, a smoke demon, a hellion, a crimson imp
and a white imp.

Vanquished Creatures
  Margery (Vaults:4)
  the Lernaean hydra (Swamp:4)
  Xtahua (Vaults:4)
  A bone dragon (Vaults:3)
  The ghost of Braschwitzo the Earth Mage, an adept GrEE of Hepliaklqana (Vaults:1)
  Kirke (Swamp:2)
  Gastronok (Lair:2)
  Frances (Swamp:2)
  3 sphinxes
  A thorn hunter (Swamp:4)
  A storm dragon (Vaults:4)
  Roxanne (Swamp:4)
  The ghost of baghtru the Severer, an adept VSFi of the Shining One (Spider:2)
  3 frost giants
  2 fire giants (Vaults:3)
  Aizul (Spider:1)
  A deep elf sorcerer (Vaults:4)
  An orc warlord (Orc:2)
  12 vault wardens
  Louise (D:15)
  8 ghost moths
  A deep elf elementalist (Vaults:4)
  9 emperor scorpions
  2 imperial myrmidons (Desolation)
  4 stone giants
  The ghost of 2d6 the Protected, a journeyman DDAK of Lugonu (Lair:6)
  6 very ugly things
  7 ironheart preservers
  2 deep elf demonologists (Vaults:1)
  The ghost of Dwachs the Fighter, a journeyman MiFi of Okawaru (D:14)
  2 halazid warlocks (Desolation)
  The ghost of octopushugs the Carver, a journeyman MiFi of the Shining One (D:13)
  4 ettins
  A fire dragon (shapeshifter) (D:15)
  2 crystal guardians (Desolation)
  3 fire dragons
  3 ice dragons
  8 ragged hierophants
  10 servants of whispers (Desolation)
  7 yaktaur captains
  A great orb of eyes (Vaults:4)
  The ghost of GordonOverkill the Impaler, a journeyman MfBe of Trog (D:10)
  17 hydras
  4 vault guards
  A rakshasa (Vaults:1)
  Harold (D:12)
  7 peacekeepers (Desolation)
  8 centaur warriors
  3 ghost crabs
  A merfolk avatar (Lair:6)
  5 death yaks (Lair:4)
  A deep troll shaman (Vaults:3)
  2 death knights
  12 alligators
  7 ogre magi
  3 orc high priests (Orc:2)
  2 storm dragon zombies (D:14)
  4 deep elf knights
  A deep troll earth mage (Vaults:3)
  Sonja (D:15)
  2 sun demons (Depths:1)
  3 storm dragon skeletons (D:14)
  3 entropy weaver zombies (Spider:3)
  An unseen horror (shapeshifter) (Vaults:2)
  A ghost moth zombie (Spider:3)
  3 unseen horrors
  4 wizards
  5 deep trolls
  2 spriggan druids (Swamp:3)
  A sea snake (Lair:6)
  2 hell knights (Vaults:4)
  A spark wasp zombie (Spider:3)
  2 glowing orange brains
  18 ironbrand convokers
  8 hill giants
  4 deep elf archers
  A flayed ghost (Vaults:1)
  6 harpies
  6 necromancers
  10 swamp dragons
  4 wolf spider zombies (Spider:3)
  3 deep elf magi
  30 wolf spiders
  14 orc knights
  5 orc sorcerers
  18 orb spiders
  12 ugly things
  6 cyclopes
  3 moths of wrath
  A manticore (Lair:6)
  10 elephants
  A guardian serpent (shapeshifter) (Vaults:3)
  10 vault sentinels
  4 guardian serpents (Desolation)
  2 black mambas
  A fire giant skeleton (Vaults:4)
  A spiny frog (shapeshifter) (D:15)
  17 spiny frogs
  2 torpor snails
  A kobold demonologist (D:11)
  An efreet (D:14)
  41 yaktaurs
  6 rime drakes
  12 komodo dragons
  4 freezing wraiths
  2 redback zombies (Spider:3)
  2 tengu conjurers
  19 demonic crawlers
  5 polar bears
  18 jumping spiders
  A moth of wrath zombie (Spider:3)
  5 trolls
  A hornet (shapeshifter) (Vaults:4)
  A wind drake (Lair:6)
  3 bog bodies
  9 hornets
  12 two-headed ogres
  27 blink frogs
  3 tyrant leeches
  64 saltlings
  2 tarantella zombies (Spider:3)
  A dream sheep (D:12)
  32 slime creatures
  16 hippogriffs
  A tarantella (shapeshifter) (Vaults:4)
  2 spriggans (Swamp:3)
  29 tarantellas
  75 redbacks
  A spriggan (shapeshifter) (D:15)
  A shadow (D:15)
  38 yaks
  4 hogs
  Eustachio (D:5)
  7 wyverns
  5 basilisks
  A hog (shapeshifter) (D:13)
  A wraith (D:14)
  19 humans (D:13)
  2 hungry ghosts (D:10)
  11 vampire mosquitoes
  A human simulacrum (Vaults:2)
  Menkaure (D:6)
  27 swamp worms
  A mottled dragon (D:11)
  A warg (Orc:2)
  10 insubstantial wisps (Swamp:4)
  8 porcupines
  A soldier ant (shapeshifter) (Vaults:1)
  19 water moccasins
  Duvessa (D:7)
  4 soldier ants (Spider:3)
  A small abomination (Spider:3)
  An orb spider zombie (Spider:3)
  14 swamp drakes
  3 sky beasts
  30 ogres
  42 orc warriors
  4 ice beasts
  8 black bears
  An eye of draining (shapeshifter) (D:15)
  3 hornet zombies
  4 phantoms
  8 boggarts
  3 necrophages
  A wolf (D:12)
  11 centaurs
  An eye of draining (D:11)
  15 crocodiles
  The ghost of OverLord the Sneak, an amateur KoAs (D:3)
  2 human zombies (Vaults:4)
  A big kobold (D:13)
  20 bullfrogs
  A glowing shapeshifter simulacrum (Vaults:4)
  Dowan (D:7)
  2 wyvern zombies
  An ogre simulacrum (Vaults:1)
  A wyvern skeleton (D:14)
  A scorpion (shapeshifter) (Vaults:2)
  17 scorpions
  11 wights
  2 electric eels
  7 howler monkeys
  5 crimson imps
  3 centaur zombies
  3 jellies
  2 quasits
  Crazy Yiuf (D:2)
  16 orc priests
  5 hounds
  A bullfrog skeleton (D:13)
  5 centaur skeletons
  4 iguanas
  32 orc wizards
  22 worker ants
  2 hound skeletons
  A howler monkey zombie (D:9)
  18 adders
  4 gnolls (D:9)
  4 river rats
  4 shadow imps
  9 oozes
  2 worms
  3 dart slugs
  16 leopard geckos
  80 orcs
  12 giant cockroaches
  11 hobgoblins
  15 jackals
  4 quokkas
  9 ball pythons
  9 bats
  14 frilled lizards
  3 goblins
  15 kobolds
  5 rats
  13 crawling corpses (Spider:3)
1557 creatures vanquished.

Vanquished Creatures (others)
  A sun demon (Depths:1)
  A swamp dragon (Swamp:4)
  A wolf spider (Spider:3)
  A bog body (Swamp:2)
  A human (Swamp:2)
  2 swamp drakes (Swamp:4)
  An orc wizard (Orc:1)
  2 white imps (Depths:1)
  3 briar patches (Swamp:4)
  24 fungi
  23 plants
60 creatures vanquished.

Grand Total: 1617 creatures vanquished

Notes
Turn   | Place    | Note
-------+----------+-------------------------------------------
     0 | D:1      | Jerry the Gargoyle Fighter began the quest for the Orb.
     0 | D:1      | Reached XP level 1. HP: 14/14 MP: 1/1
   260 | D:1      | Reached XP level 2. HP: 18/19 MP: 2/2
   417 | D:1      | Reached XP level 3. HP: 23/23 MP: 3/3
   939 | D:2      | Noticed a dagger
   940 | D:2      | Noticed a dagger
   941 | D:2      | Found a hide-covered altar of Uskayaw.
  1009 | D:2      | Reached XP level 4. HP: 28/28 MP: 4/4
  1016 | D:2      | Found a burning altar of Makhleb.
  1135 | D:2      | Found a faded altar of an unknown god.
  1282 | D:2      | Found a runed door.
  1386 | D:2      | Found a glowing silver altar of Zin.
  1386 | D:2      | Noticed an angel
  1387 | D:2      | Noticed a blizzard demon
  1450 | D:2      | Noticed Crazy Yiuf
  1455 | D:2      | Killed Crazy Yiuf
  1537 | D:3      | Reached XP level 5. HP: 23/32 MP: 5/5
  1800 | D:3      | Noticed OverLord's ghost (amateur KoAs)
  1807 | D:3      | Killed OverLord's ghost
  1807 | D:3      | Reached skill level 5 in Armour
  1807 | D:3      | Reached XP level 6. HP: 37/37 MP: 6/6
  2006 | D:3      | You fall through a shaft for 2 floors!
  2006 | D:5      | Entered Level 5 of the Dungeon
  2006 | D:5      | Found a glowing drain.
  2012 | D:5      | Reached skill level 5 in Shields
  2025 | Sewer    | Entered a sewer
  2351 | Sewer    | Reached XP level 7. HP: 30/41 MP: 7/7
  2638 | D:5      | Found a glowing golden altar of the Shining One.
  2726 | D:5      | Reached skill level 5 in Maces & Flails
  3260 | D:5      | Reached XP level 8. HP: 42/46 MP: 8/8
  3647 | D:5      | Got a flickering marble ring
  3790 | D:5      | Identified the ring of Ruserghu {MR+ Slay+5} (You found it on level 5 of the Dungeon)
  3854 | D:6      | Found a glowing golden altar of the Shining One.
  3854 | D:6      | Noticed an oklob plant
  3854 | D:6      | Noticed Eustachio
  3861 | D:5      | Killed Eustachio
  4191 | D:6      | Found a staircase to the Ecumenical Temple.
  4192 | D:6      | Noticed Menkaure
  4243 | D:6      | Killed Menkaure
  4243 | D:6      | Reached XP level 9. HP: 43/52 MP: 9/9
  4391 | D:6      | Reached skill level 5 in Fighting
  4396 | D:6      | Gained mutation: You are resistant to hostile enchantments. (MR+) [mutagenic meat]
  4397 | D:6      | Gained mutation: You are somewhat resistant to further mutation. [mutagenic meat]
  4398 | D:6      | Gained mutation: Your mind is acute. (Int +2) [mutagenic meat]
  4399 | D:6      | Lost mutation: Your mind is acute. (Int +2) [mutagenic meat]
  4400 | D:6      | Gained mutation: Your muscles are strong. (Str +2) [mutagenic meat]
  4894 | Temple   | Entered the Ecumenical Temple
  5140 | D:7      | Found a white marble altar of Elyvilon.
  5141 | D:7      | Found a radiant altar of Vehumet.
  5142 | D:7      | Found a stormy altar of Qazlal.
  5142 | D:7      | Found a blossoming altar of Fedhas.
  5142 | D:7      | Found a sacrificial altar of Ru.
  5144 | D:7      | Found a bloodstained altar of Trog.
  5144 | D:7      | Found an iron altar of Okawaru.
  5145 | D:7      | Found a snail-covered altar of Cheibriados.
  5153 | D:7      | Became a worshipper of Warmaster Okawaru
  5211 | D:7      | Noticed Duvessa
  5211 | D:7      | Noticed Dowan
  5221 | D:7      | Killed Duvessa
  5232 | D:7      | Killed Dowan
  5655 | D:7      | Reached skill level 1 in Invocations
  6088 | D:8      | Reached * piety under Okawaru
  6743 | D:9      | Identified a scroll of acquirement
  6744 | D:9      | Got a faintly humming hat
  6750 | D:9      | Identified the +0 hat of the Echidna {rPois Str-3 Int+4} (You acquired it on level 9 of the Dungeon)
  6781 | D:9      | Reached XP level 10. HP: 56/60 MP: 12/12
  6880 | D:9      | Reached ** piety under Okawaru
  7311 | D:10     | Entered Level 10 of the Dungeon
  7455 | D:10     | Noticed GordonOverkill's ghost (journeyman MfBe)
  7471 | D:10     | Killed GordonOverkill's ghost
  7471 | D:10     | Reached skill level 10 in Maces & Flails
  7829 | D:10     | Reached *** piety under Okawaru
  7882 | D:10     | Reached skill level 5 in Invocations
  8245 | D:10     | Reached **** piety under Okawaru
  8249 | D:10     | Reached XP level 11. HP: 52/67 MP: 14/14
  8603 | D:11     | Reached skill level 10 in Armour
  8818 | D:11     | Noticed a brown ugly thing
  8910 | D:11     | Killed a brown ugly thing
  9339 | D:11     | Noticed an orc knight
  9358 | D:11     | Killed an orc knight
  9358 | D:11     | Reached ***** piety under Okawaru
  9389 | D:11     | Found a roughly hewn altar of Beogh.
  9395 | D:11     | Found a staircase to the Orcish Mines.
  9433 | D:11     | Noticed a hill giant
  9462 | D:11     | Killed a hill giant
  9530 | D:11     | Found a staircase to the Lair.
  9599 | D:11     | Noticed a cyclops
  9607 | D:11     | Killed a cyclops
  9791 | Lair:1   | Entered Level 1 of the Lair of Beasts
  9895 | Lair:1   | Got a shadowed robe
 10474 | Lair:1   | Identified the +2 robe "Erriut Jutay" {Dex+3} (You found it on level 1 of the Lair of Beasts)
 10664 | Lair:2   | Reached XP level 12. HP: 72/76 MP: 17/17
 10935 | Lair:2   | Received a gift from Okawaru
 10953 | Lair:2   | Got a scorched lajatang {god gift}
 10961 | Lair:2   | Identified the +2 lajatang "Zint" {pain, *Contam Dex+7} (Okawaru gifted it to you on level 2 of the Lair of Beasts)
 10995 | Lair:2   | Noticed Gastronok
 11017 | Lair:2   | Killed Gastronok
 11328 | Lair:2   | Found a staircase to the Swamp.
 12010 | Lair:3   | Received a gift from Okawaru
 12489 | Lair:4   | Reached ****** piety under Okawaru
 12595 | Lair:4   | Noticed a death yak
 12595 | Lair:4   | Noticed a death yak
 12612 | Lair:4   | Killed a death yak
 12619 | Lair:4   | Noticed a death yak
 12619 | Lair:4   | Noticed a death yak
 12637 | Lair:4   | Noticed a death yak
 12637 | Lair:4   | Killed a death yak
 12649 | Lair:4   | Killed a death yak
 12657 | Lair:4   | Killed a death yak
 12657 | Lair:4   | Reached skill level 10 in Fighting
 12662 | Lair:4   | Killed a death yak
 12980 | Lair:4   | Found a hole to the Spider Nest.
 13004 | Lair:4   | Reached XP level 13. HP: 68/82 MP: 19/19
 14100 | Lair:5   | Found a runed door.
 14100 | Lair:5   | Found a viscous altar of Jiyva.
 14101 | Lair:5   | Found a staircase to the Slime Pits.
 14806 | Lair:6   | Entered Level 6 of the Lair of Beasts
 14852 | Lair:5   | Received a gift from Okawaru
 15090 | Lair:6   | Noticed 2d6's ghost (journeyman DDAK)
 15379 | Lair:6   | Reached skill level 10 in Invocations
 15462 | Lair:6   | Killed 2d6's ghost
 15781 | Lair:6   | Received a gift from Okawaru
 16003 | Lair:6   | Gained mutation: Your large and strong wings let you fly indefinitely. [Gargoyle growth]
 16003 | Lair:6   | Reached XP level 14. HP: 85/90 MP: 21/21
 16023 | Lair:6   | Reached skill level 15 in Maces & Flails
 16801 | Lair:6   | Got a transparent plate armour
 17203 | Lair:6   | Got a pair of warped boots {god gift}
 17209 | Lair:6   | Identified the +0 pair of boots of Syndicalism {rElec MR+} (Okawaru gifted it to you on level 6 of the Lair of Beasts)
 17219 | Lair:6   | Identified the +11 plate armour "Alidygou" {+Blink Dex+4} (You found it on level 6 of the Lair of Beasts)
 17352 | Orc:1    | Entered Level 1 of the Orcish Mines
 17853 | Orc:2    | Entered Level 2 of the Orcish Mines
 17879 | Orc:2    | Found a staircase to the Elven Halls.
 18108 | Orc:1    | Found a deep blue altar of Sif Muna.
 18305 | Orc:1    | Identified Sif Muna's Volume of Aid
 18435 | Orc:2    | Noticed an orc warlord
 18494 | Orc:2    | Killed an orc warlord
 18583 | Orc:2    | Found a roughly hewn altar of Beogh.
 18692 | Orc:2    | Found Niacaqud's Antique Armour Shoppe.
 18717 | Orc:2    | Received a gift from Okawaru
 18732 | Orc:2    | HP: 2/92 [smoke demon/divine providence[an orc high priest] (15)]
 19418 | Orc:2    | Found Coynk's Jewellery Shoppe.
 19632 | Orc:2    | Found Zios's Antique Weapon Boutique.
 19637 | Orc:2    | Found Giocinah's Armour Boutique.
 19882 | Orc:2    | Bought an uncursed amulet of regeneration for 360 gold pieces
 20219 | Swamp:1  | Entered Level 1 of the Swamp
 20319 | Swamp:1  | Received a gift from Okawaru
 20319 | Swamp:1  | Reached XP level 15. HP: 84/97 MP: 22/22
 20488 | Swamp:1  | Reached skill level 1 in Dodging
 21057 | Swamp:2  | Noticed Kirke
 21097 | Swamp:2  | Killed Kirke
 21179 | Swamp:2  | Reached skill level 15 in Armour
 21302 | Swamp:2  | Noticed Frances
 21327 | Swamp:2  | Killed Frances
 22719 | Swamp:4  | Entered Level 4 of the Swamp
 22731 | Swamp:4  | Noticed a thorn hunter
 22748 | Swamp:3  | Received a gift from Okawaru
 22757 | Swamp:3  | Got an encrusted plate armour {god gift}
 22768 | Swamp:3  | Identified the +0 plate armour "Yttee" {+Inv} (Okawaru gifted it to you on level 3 of the Swamp)
 22949 | Swamp:4  | Killed a thorn hunter
 23056 | Swamp:4  | Noticed Roxanne
 23105 | Swamp:4  | Killed Roxanne
 23246 | Swamp:4  | Reached XP level 16. HP: 104/104 MP: 20/23
 23581 | Swamp:4  | Reached skill level 5 in Dodging
 23892 | Swamp:4  | Noticed the 27-headed Lernaean hydra
 23906 | Swamp:4  | Killed the 27-headed Lernaean hydra
 23910 | Swamp:4  | Noticed Mara
 23927 | Swamp:4  | Received a gift from Okawaru
 23945 | Swamp:4  | Noticed Jerry's illusion
 24070 | Swamp:4  | Noticed Jerry's illusion
 24110 | Swamp:4  | Noticed Jerry's illusion
 24131 | Swamp:3  | Noticed Jerry's illusion
 24306 | Swamp:4  | Got a decaying rune of Zot
 24414 | Swamp:3  | Noticed Jerry's illusion
 24570 | Spider:1 | Entered Level 1 of the Spider Nest
 24762 | Spider:1 | Noticed Aizul
 24776 | Spider:1 | Killed Aizul
 25732 | Spider:2 | Received a gift from Okawaru
 25896 | Spider:2 | Noticed baghtru's ghost (adept VSFi)
 25917 | Spider:2 | Killed baghtru's ghost
 26297 | Spider:2 | Reached XP level 17. HP: 112/112 MP: 24/24
 26499 | Spider:2 | Got a translucent plate armour {god gift}
 26510 | Spider:2 | Identified the +0 plate armour "Unni Gath" {rElec rN++ Str-5 Stlth+} (Okawaru gifted it to you on level 2 of the Spider Nest)
 26634 | Spider:3 | Reached skill level 15 in Fighting
 27595 | Spider:3 | Received a gift from Okawaru
 28217 | Spider:4 | Entered Level 4 of the Spider Nest
 28726 | Spider:4 | Reached skill level 10 in Dodging
 29317 | Spider:4 | Received a gift from Okawaru
 29509 | Spider:4 | Reached XP level 18. HP: 117/120 MP: 1/25
 29867 | Spider:4 | Got a gossamer rune of Zot
 30291 | D:12     | Found a huge runed gate.
 30291 | D:12     | Found a huge runed gate.
 30291 | D:12     | Found a huge runed gate.
 30292 | D:12     | Found a huge runed gate.
 30507 | D:12     | Noticed Harold
 30518 | D:12     | Killed Harold
 31018 | D:13     | Noticed octopushugs's ghost (journeyman MiFi)
 31062 | D:13     | Killed octopushugs's ghost
 31184 | D:13     | Received a gift from Okawaru
 31209 | D:13     | Got a brightly glowing great mace {god gift}
 31251 | D:13     | Identified the +2 great mace "Xadaeph" {crush, rPois rF+++ MR+++ Stlth-} (Okawaru gifted it to you on level 13 of the Dungeon)
 31398 | D:13     | Found an opulent altar of Gozag.
 31588 | D:13     | Found a gate to the Vaults.
 31846 | D:14     | Found an opulent altar of Gozag.
 31846 | D:14     | Noticed Dwachs's ghost (journeyman MiFi)
 31857 | D:14     | Killed Dwachs's ghost
 32674 | D:15     | Entered Level 15 of the Dungeon
 33034 | D:15     | Noticed Louise
 33045 | D:15     | Killed Louise
 33252 | D:15     | Noticed Sonja
 33259 | D:15     | Killed Sonja
 33345 | D:15     | Found a staircase to the Depths.
 33736 | Vaults:1 | Entered Level 1 of the Vaults
 33736 | Vaults:1 | Noticed Braschwitzo's ghost (adept GrEE)
 33755 | Vaults:1 | Received a gift from Okawaru
 33865 | Vaults:1 | Killed Braschwitzo's ghost
 33865 | Vaults:1 | Reached XP level 19. HP: 128/128 MP: 26/26
 34100 | Vaults:1 | Found a ruined gateway.
 34126 | Vaults:1 | Got an ichor-stained great mace
 34132 | Vaults:1 | Identified the +8 great mace of the Establishment {crush, Int+2 Dex+3} (You acquired it on level 1 of the Vaults)
 34142 | Desolati | Entered the Desolation of Salt
 34297 | Desolati | Got a jewelled great mace
 34298 | Desolati | Identified the +3 great mace of Debt {elec, rPois rF+ Int+2 Dex-3} (You found it in the Desolation of Salt)
 34305 | Desolati | Identified Hemibum's Disquisition on Helpful Earth
 34321 | Desolati | Identified a +0 pair of boots of running (You found it in the Desolation of Salt)
 34459 | Desolati | Received a gift from Okawaru
 34460 | Desolati | Got a faintly glowing eveningstar {god gift}
 34581 | Desolati | Identified the +7 eveningstar "Impbane" {crush, +Rage +Fly Int+2} (Okawaru gifted it to you in the Desolation of Salt)
 34599 | Desolati | Got a vibrating turquoise ring
 34615 | Desolati | Got a twitching turquoise ring
 34623 | Desolati | Identified the ring "Fioguame" {*Slow rPois MR+ Int+4 Stlth+} (You found it in the Desolation of Salt)
 34624 | Desolati | Identified the ring of Soun {AC+2 Str+3} (You found it in the Desolation of Salt)
 35339 | Desolati | Received a gift from Okawaru
 35351 | Desolati | Got a pair of faintly glowing boots {god gift}
 35387 | Desolati | Identified the +0 pair of boots "Gowk" {*Drain rPois rC++} (Okawaru gifted it to you in the Desolation of Salt)
 35407 | Desolati | Got a bloodstained flail
 35408 | Desolati | Identified the cursed +1 flail of Tension {venom, rF+ Str+3 Dex+4 SInv} (You found it in the Desolation of Salt)
 35421 | Desolati | Identified the Compendium of Supportive Augmentations
 36057 | Vaults:1 | Learned a level 8 spell: Necromutation
 36181 | Vaults:1 | Reached XP level 20. HP: 127/136 MP: 27/27
 37257 | Vaults:2 | Received a gift from Okawaru
 37436 | Vaults:2 | Found Xoewuf's Magic Scroll Emporium.
 38334 | Vaults:3 | Noticed a bone dragon
 38345 | Vaults:3 | Killed a bone dragon
 38346 | Vaults:3 | Found a staircase to the Crypt.
 38466 | Vaults:3 | Found Ofrejef's Assorted Antiques.
 39204 | Vaults:3 | Received a gift from Okawaru
 39294 | Vaults:3 | Reached XP level 21. HP: 143/144 MP: 28/28
 39920 | Vaults:4 | Noticed Margery
 39938 | Vaults:4 | Killed Margery
 40455 | Vaults:4 | Noticed Xtahua
 40486 | Vaults:4 | Killed Xtahua
 40815 | Vaults:4 | Received a gift from Okawaru
 41451 | Depths:1 | Entered Level 1 of the Depths
 41511 | Depths:1 | HP: 3/144 [hellion/damnation (17)]
 41512 | Depths:1 | Killed from afar by a hellion

Skill      XL: |  1  2  3  4  5  6  7  8  9 10 11 12 13 14 15 16 17 18 19 20 21 |
---------------+----------------------------------------------------------------+-----
Armour         | 4 5 6 7 8 9 10 11 12 14 15 16 17 18 19 | 19.5
Shields        | 4 5 |  5.5
Maces & Flails | 3 4 5 7 9 10 12 13 14 15 16 17 18 19 | 19.1
Fighting       | 4 6 7 9 10 11 12 13 14 15 17 18 19 | 19.6
Invocations    | 3 5 7 8 10 | 10.5
Dodging        | 4 7 10 12 13 14 | 14.4

Action                   |  1- 3 |  4- 6 |  7- 9 | 10-12 | 13-15 | 16-18 | 19-21 || total
-------------------------+-------+-------+-------+-------+-------+-------+-------++-------
Melee: Flail             |   100 |    30 |   138 |   392 |  1021 |       |    10 ||  1691
       Quarterstaff      |       |   196 |   201 |       |       |       |       ||   397
       Lajatang          |       |       |       |   168 |   296 |       |       ||   464
       Morningstar       |       |       |       |       |    24 |  2292 |    94 ||  2410
       Great mace        |       |       |       |       |       |       |   783 ||   783
       Eveningstar       |       |       |       |       |       |       |   597 ||   597
Invok: Heroism           |       |       |       |     2 |    24 |    21 |    19 ||    66
       Finesse           |       |       |       |       |     7 |     1 |     4 ||    12
 Abil: Evoke Berserk Rag |       |       |       |     2 |     1 |       |       ||     3
       Fly               |       |       |       |       |     2 |       |       ||     2
       Stop Flying       |       |       |       |       |     1 |     1 |       ||     2
       Evoke Blink       |       |       |       |       |       |     1 |       ||     1
Evoke: Wand              |       |       |       |    11 |     4 |       |     1 ||    16
  Use: Potion            |       |     1 |     2 |     4 |     3 |     3 |       ||    13
       Scroll            |       |       |    18 |    12 |     7 |     6 |    12 ||    55
 Stab: Held in net/web   |       |       |       |       |       |     2 |       ||     2
  Eat: Bread ration      |       |     1 |       |       |       |       |       ||     1
       Chunk             |       |     1 |    18 |    24 |    33 |    32 |    25 ||   133
       Pizza             |       |       |     1 |       |     2 |       |       ||     3
       Beef jerky        |       |       |       |     1 |       |     1 |       ||     2
       Fruit             |       |       |       |       |       |     3 |       ||     3
Armor: Scale mail        |    55 |   190 |   199 |   114 |       |       |       ||   558
       Mottled dragon sc |       |       |       |    90 |       |       |       ||    90
       Plate armour      |       |       |       |    33 |   984 |  1494 |   761 ||  3272
Dodge: Dodged            |    49 |   152 |   224 |   288 |   632 |  1809 |   888 ||  4042
Block: Buckler           |       |       |       |       |   264 |   734 |   206 ||  1204
